 Dungeon Crawl Stone Soup version 0.18.1-50-g88ac8fd (webtiles) character file.

56 maniek23 the Sneak (level 3, 0/18 HPs)
             Began as a Spriggan Assassin on Sept 26, 2016.
             Hit by a stone thrown by a kobold (2 damage)
             ... on level 2 of the Dungeon.
             The game lasted 00:09:44 (1867 turns).

maniek23 the Sneak (Spriggan Assassin)              Turns: 1867, Time: 00:09:45

Health: 0/18       AC:  3    Str:  7    XL:     3   Next: 69%
Magic:  4/4        EV: 19    Int: 12    God:
Gold:   87         SH:  0    Dex: 18    Spells: 0 memorised, 2 levels left

rFire  . . .     SeeInvis +     u - +2 dagger (venom)
rCold  . . .     Gourm    .     c - +0 robe
rNeg   . . .     Faith    .     (shield restricted)
rPois  .         Spirit   .     (helmet restricted)
rElec  .         Dismiss  .     d - +0 cloak
rCorr  .         Reflect  .     (gloves unavailable)
SustAt .         Harm     .     (boots unavailable)
MR     .....                    k - amulet of magic regeneration
Stlth  ++++......               (no ring)
                                (no ring)

@: very quick, not resistant to hostile enchantments, stealthy
A: unfitting armour, see invisible, herbivore 3, speed 3, slow metabolism 2
a: no special abilities


You were on level 2 of the Dungeon.
You were not hungry.

You visited 1 branch of the dungeon, and saw 3 of its levels.

You collected 87 gold pieces.

Inventory:

Hand Weapons
 a - a +2 dagger
 b - a +0 blowgun
 n - a +0 hunting sling
 s - a cursed -2 dagger
 u - a +2 dagger of venom (weapon)
Missiles
 e - 8 poisoned needles
 f - 2 curare-tipped needles
 i - 33 stones (quivered)
Armour
 c - a +0 robe (worn)
 d - a +0 cloak (worn)
Jewellery
 k - an amulet of magic regeneration (around neck)
Scrolls
 m - 2 scrolls of identify {unknown}
 p - a scroll of magic mapping {unknown}
 q - a scroll of amnesia {unknown}
 r - 2 scrolls of enchant armour {unknown}
 t - a scroll of random uselessness {unknown}
Potions
 j - a potion of invisibility {unknown}
 l - 4 potions of flight {unknown}
 o - a potion of curing {unknown}
 v - a potion of berserk rage {unknown}
Comestibles
 g - a bread ration
 h - 4 fruits
 w - 2 slices of pizza
 x - a royal jelly


   Skills:
 + Level 1.6 Fighting
 * Level 2.6 Short Blades
 + Level 2.2 Throwing
 * Level 3.4 Dodging
 + Level 6.8 Stealth


You had 2 spell levels left.
You didn't know any spells.

Dungeon Overview and Level Annotations

Branches:
Dungeon (3/15)

Altars:

Annotations:
D:3 Fathero2's ghost, amateur OgBe


Innate Abilities, Weirdness & Mutations

You are tiny and cannot use many weapons and most armour.
You have supernaturally acute eyesight.
You are a herbivore.
You cover ground extremely quickly.
You need consume almost no food.


Message History

* * * LOW HITPOINT WARNING * * *
You climb upwards.
The kobold shouts!
The kobold throws a stone.
The stone misses you.
The kobold throws a stone.
The stone completely misses you.
There is a stone staircase leading down here.
There is a stone staircase leading up here.
There is a stone staircase leading up here.
Throwing (i - inventory):
i - 35 stones (quivered)
Press: ? - help, Shift-Dir - straight line, f - kobold
Aim: a kobold You throw a stone.
The stone barely misses the kobold.
The kobold throws a stone.
The stone misses you.
Throwing (i - inventory):
i - 34 stones (quivered)
Press: ? - help, Shift-Dir - straight line, f/p - kobold
Aim: a kobold You throw a stone.
The stone hits the kobold but does no damage.
The kobold throws a stone.
The stone hits you.
You die...

.......#######.#.............#
..................#####......####
...###.#######........#.#.###...#
...###............#...#.#.# #...#
......................#.#.###...#
######.........#..#.#.#.#........
#..............'......#.#####....
..#####........#.(#####.#<..##...
..#.............@>....#.###.##.##
..#.##......######.##.......##.#
....†.......#.........#.######.#
............#.####..K(.........#
...............# #...##.########
.....††........# #........#
...............# #..K.....# ####
#.........########........# #...
#.........# #.##........# #.##


You could see a kobold.

Vanquished Creatures
  An adder (D:2)
  An ooze (D:1)
  A worm (D:2)
  A dart slug (D:2)
  An orc (D:3)
  2 giant cockroaches
  5 goblins
  5 hobgoblins
  2 kobolds (D:1)
  2 ball pythons
  6 bats
  2 giant newts
  8 rats
37 creatures vanquished.

Notes
Turn   | Place    | Note
--------------------------------------------------------------
     0 | D:1      | maniek23 the Spriggan Assassin began the quest for the Orb.
     0 | D:1      | Reached XP level 1. HP: 10/10 MP: 2/2
    51 | D:1      | Reached skill level 6 in Stealth
   396 | D:1      | Reached XP level 2. HP: 14/14 MP: 3/3
   709 | D:2      | Reached XP level 3. HP: 15/18 MP: 4/4
  1395 | D:3      | Noticed Fathero2's ghost (amateur OgBe)
  1867 | D:2      | Hit by a stone thrown by a kobold

Skill      XL: |  1  2  3 |
---------------+----------+-----
Stealth        | 6 |  6.8
Dodging        | 2 3 |  3.4
Fighting       | |  1.6
Short Blades   | |  2.6
Throwing       | |  2.2

Action                   || total
-------------------------++-------
Melee: Dagger            ||   115
 Fire: Hunting sling     ||    22
Throw: Stone             ||    28
 Stab: Sleeping          ||    11
Armor: Robe              ||    14
Dodge: Dodged            ||    95
